 Dungeon Crawl Stone Soup version 0.27.1 (webtiles) character file.

Game seed: 15868870841918780204

1372 robertstho the Magician (level 8, -10/51 HPs)
             Began as a Djinni Fire Elementalist on Sept 3, 2021.
             Was an Initiate of Gozag.
             Killed by miscasting Fireball (15 damage)
             ... on level 5 of the Dungeon.
             The game lasted 00:10:04 (6516 turns).

robertstho the Magician (Djinni Fire Elementalist)  Turns: 6516, Time: 00:10:06

Health: -10/51     AC:  6    Str:  7    XL:     8   Next: 98%
Gold:   113        EV: 13    Int: 19    God:    Gozag SH:  0 Dex: 14

rFire    + + .     SeeInvis .   g - +0 dagger
rCold    x . .     Faith    .   (no shield)
rNeg     . . .     Spirit   .   a - +1 robe
rPois    ∞         Reflect  .   (no helmet)
rElec    .         Harm     .   (no cloak)
rCorr    .         Rampage  .   b - +2 pair of gloves
Will     .....                  (boots unavailable)
Stlth    ++........             (no amulet)
HPRegen  0.17/turn              (no ring)
MPRegen  0.00/turn              (no ring)

@: gold aura, flying, very slightly contaminated
A: sickness immunity, fire resistance 2, cold vulnerability 1, float, innate
caster, hp casting, extra vitality 1
a: Renounce Religion, Potion Petition, Call Merchant, Bribe Branch


You were on level 5 of the Dungeon.
You worshipped Gozag.
Gozag was aware of your devotion.
You visited 2 branches of the dungeon, and saw 6 of its levels.

You collected 167 gold pieces.
You paid 54 gold pieces to Gozag.

Inventory:

Hand Weapons
 g - a +0 dagger (weapon)
Armour
 a - a +1 robe (worn)
 b - a +2 pair of gloves (worn)
Jewellery
 k - an amulet of the acrobat
Wands
 s - a wand of polymorph (9)
Scrolls
 e - a scroll of fear {unknown}
 m - a scroll of noise {unknown}
 n - a scroll of teleportation {unknown}
 p - a scroll of amnesia {unknown}
 r - a scroll of acquirement {unknown}
 t - a scroll of identify {unknown}
Potions
 c - 2 potions of heal wounds {unknown}
 d - a potion of degeneration
 f - a potion of mutation {unknown}
 h - a potion of ambrosia {unknown}
 i - a potion of invisibility {unknown}
 j - 2 potions of haste {unknown}
 l - 2 potions of flight {unknown}
 o - a potion of lignification {unknown}
 q - a potion of resistance {unknown}


   Skills:
 + Level 0.8 Fighting
 + Level 3.9 Dodging
 + Level 3.8 Stealth
 + Level 7.3 Spellcasting
 + Level 0.2 Evocations


You couldn't memorise any spells.
You knew the following spells:

 Your Spells              Type           Power      Damage    Failure   Level
a - Foxfire               Conj/Fire      100%       2x1d9     1%          1
b - Conjure Flame         Conj/Fire      34%        6-21      1%          3
c - Inner Flame           Hex/Fire       34%        N/A       1%          3
d - Sticky Flame          Conj/Fire      34%        2d5       4%          4
e - Fireball              Conj/Fire      17%        3d9       13%         5
f - Animate Skeleton      Necr           68%        N/A       1%          1
g - Ensorcelled Hibernat  Hex/Ice        68%        N/A       1%          2
h - Vampiric Draining     Necr           17%        2d8       1%          3
Your spell library was empty.

Dungeon Overview and Level Annotations

Branches:
Dungeon (5/15)             Temple (1/1) D:5

Altars:
Ashenzari
Dithmenos
Elyvilon
Fedhas
Gozag
Hepliaklqana
Kikubaaqudgha
Makhleb
Ru
Uskayaw
Vehumet
Wu Jian
Yredelemnul
The Shining One


Innate Abilities, Weirdness & Mutations

You are immune to sickness and miasma.
You are immune to poison.
Your flesh is very heat resistant. (rF++)
You are vulnerable to cold. (rC-)
You float through the air rather than walking.
You learn spells naturally, not from books.
Your magical power is your life essence.
You have superior vitality. (+4 HP)


Message History

A wyvern skeleton comes into view.
A wyvern skeleton is nearby!
A wyvern skeleton is nearby!
A wyvern skeleton is nearby!
A wyvern skeleton is nearby!
Found a scroll labelled NETIFUW KUJI.
An adder comes into view.
Casting: Fireball (quite dangerous; 14% risk of failure)
Confirm with . or Enter, or press ? or * to list all spells.
The spell is quite dangerous to cast (14% risk of failure)!
Continue anyway?
Aiming: Fireball (quite dangerous; 14% risk of failure)
Press: ? - help, Shift-Dir - straight line, f - wyvern skeleton
Aim: a wyvern skeleton The fireball explodes!
The fireball engulfs the wyvern skeleton!!
The wyvern skeleton is severely damaged.
The adder hisses angrily.
* * * LOW HITPOINT WARNING * * *
Casting: Fireball (quite dangerous; 14% risk of failure)
Confirm with . or Enter, or press ? or * to list all spells.
The spell is quite dangerous to cast (14% risk of failure)!
Continue anyway?
Aiming: Fireball (quite dangerous; 14% risk of failure)
Press: ? - help, Shift-Dir - straight line, f/p - wyvern skeleton
Aim: a wyvern skeleton (severely damaged)
The fireball explodes!
The fireball engulfs the wyvern skeleton!
You destroy the wyvern skeleton!
* * * LOW HITPOINT WARNING * * *
Okay, then.
Casting: Fireball (quite dangerous; 13% risk of failure)
Confirm with . or Enter, or press ? or * to list all spells.
The spell is quite dangerous to cast (13% risk of failure)!
Continue anyway?
Aiming: Fireball (quite dangerous; 13% risk of failure)
Press: ? - help, Shift-Dir - straight line, f - adder
Aim: an adder You miscast Fireball.
You are very lightly contaminated with residual magic.
Sparks fly from your hands!
You die...
Your body crumbles into a pile of gold.

......................#
..#### #.........$.##
#..#######.......$......
........... #..#.....#..
........(## #..$...)...
..........####..S.....#
..................$...#
##..#####.#..........##
...## #.#.....@....#
...# #.#........#.#
...######..####......#
.......###.....###......
......P....###..........
....PP..............####
..P..PP....#####....#
.PP.>.P..### .#
#P....PP##


You could see an adder.

Vanquished Creatures
  Pikel (D:4)
  An ice beast (D:5)
  2 scorpions (D:4)
  A water moccasin skeleton (D:5)
  A wyvern skeleton (D:5)
  An oklob sapling (D:5)
  A jelly (D:5)
  A centaur skeleton (D:4)
  4 orc priests
  2 bullfrog skeletons
  2 hounds
  2 orc wizards
  Natasha (thrice) (D:4)
  A hound zombie (D:5)
  4 gnolls (D:2)
  3 adders
  A shadow imp (D:5)
  An ufetubus (D:4)
  3 worms
  A dart slug (D:5)
  18 orcs
  3 endoplasms
  3 goblins
  5 hobgoblins
  4 jackals (D:3)
  6 kobolds
  3 ball pythons
  9 bats
  3 frilled lizards
  3 rats
93 creatures vanquished.

Vanquished Creatures (others)
  426 foxfires
  10 plants (D:5)
436 creatures vanquished.

Grand Total: 529 creatures vanquished

Notes
Turn   | Place    | Note
-------+----------+-------------------------------------------
     0 | D:1      | robertstho the Djinni Fire Elementalist began the quest for
                  | the Orb.
     0 | D:1      | Reached XP level 1. HP: 15/15 MP: 0/0
   427 | D:1      | Reached XP level 2. HP: 18/21 MP: 0/0
   988 | D:2      | Reached skill level 3 in Spellcasting
   988 | D:2      | Reached XP level 3. HP: 23/25 MP: 0/0
   988 | D:2      | Learned a level 1 spell: Animate Skeleton
  1154 | D:2      | Found a glowing golden altar of the Shining One.
  1468 | D:2      | Found a faded altar of an unknown god.
  1890 | D:2      | Reached XP level 4. HP: 27/31 MP: 0/0
  2597 | D:3      | Reached XP level 5. HP: 34/35 MP: 0/0
  2597 | D:3      | Learned a level 2 spell: Ensorcelled Hibernation
  2902 | D:3      | Reached skill level 4 in Spellcasting
  4102 | D:4      | Noticed Natasha
  4137 | D:4      | HP: 1/35 [Natasha/magic dart (10)]
  4145 | D:4      | Killed Natasha
  4146 | D:4      | Reached XP level 6. HP: 9/40 MP: 0/0
  4694 | D:4      | Reached skill level 5 in Spellcasting
  4694 | D:4      | Reached XP level 7. HP: 32/45 MP: 0/0
  4694 | D:4      | Learned a level 3 spell: Vampiric Draining
  5082 | D:4      | Noticed Pikel
  5092 | D:4      | Killed Pikel
  5093 | D:4      | Reached skill level 6 in Spellcasting
  5093 | D:4      | Reached XP level 8. HP: 43/51 MP: 0/0
  5247 | D:4      | Noticed Natasha
  5255 | D:4      | Killed Natasha
  5517 | D:4      | Noticed Natasha
  5523 | D:4      | Killed Natasha
  5643 | D:5      | Entered Level 5 of the Dungeon
  6002 | D:5      | Found a staircase to the Ecumenical Temple.
  6016 | D:5      | HP: 2/51 [something (11)]
  6312 | D:5      | Reached skill level 7 in Spellcasting
  6383 | Temple   | Entered the Ecumenical Temple
  6468 | Temple   | Became a worshipper of Gozag Ym Sagoz the Greedy
  6516 | D:5      | Killed by miscasting Fireball

Illustrated notes

Levels and vault maps discovered:
D:1:      ebering_trefoil_3fold, layout_rooms, nrook_mini_backslash
D:2:      layout_loops_cross, basic_altar,
          shapermc_ecumenical_altar_mp_highgroup
D:3:      layout_basic, minmay_tree_intersection
D:4:      layout_loops_cross, st_stairs_10, uniq_natasha, uniq_pikel
D:5:      layout_rooms, nicolae_overflow_hidden_temple,
          minmay_temple_entry_oklob, kennysheep_windowed_goal
Temple:   nicolae_temple_elliptical

Skill      XL: |  1  2  3  4  5  6  7  8 |
---------------+-------------------------+-----
Spellcasting   | 3 4 5 6 7 |  7.3
Stealth        | 2 3 |  3.8
Dodging        | 3 |  3.9
Fighting       | |  0.8
Evocations     | |  0.2

Action                   |  1- 3 |  4- 6 |  7- 9 || total
-------------------------+-------+-------+-------++-------
 Cast: Foxfire           |    80 |   113 |    67 ||   260
       Conjure Flame     |       |     1 |       ||     1
       Sticky Flame      |       |     1 |     9 ||    10
       Fireball          |       |       |    13 ||    13
Evoke: Wand              |       |     1 |       ||     1
  Use: Scroll            |       |     2 |       ||     2
       Potion            |       |     2 |       ||     2
Armor: Robe              |     1 |    15 |     2 ||    18
Dodge: Dodged            |     6 |    17 |     7 ||    30
